 Dungeon Crawl Stone Soup version 0.21-a0-260-g9b2435e (webtiles) character file.

89 Ijustatesigmund the Sneak (level 4, 0/31 HPs)
             Began as an Octopode Assassin on Sept 7, 2017.
             Was a Follower of Cheibriados.
             Slain by an orc (2 damage)
             ... on level 3 of the Dungeon.
             The game lasted 00:03:47 (1819 turns).

Ijustatesigmund the Sneak (Octopode Assassin)       Turns: 1819, Time: 00:03:48

Health: 0/31       AC:  1    Str: 16    XL:     4   Next: 55%
Magic:  4/4        EV: 13    Int: 17    God:    Cheibriados [*.....]
Gold:   19         SH:  0    Dex: 16    Spells: 3/3 levels left

rFire    . . .     SeeInvis .   a - +2 dagger
rCold    . . .     Gourm    .   (no shield)
rNeg     . . .     Faith    .   (helmet restricted)
rPois    .         Spirit   .   (no amulet)
rElec    .         Reflect  .   i - ring of stealth
rCorr    .         Harm     .   k - +4 ring of strength
MR       +....                  j - ring of protection from magic
Stlth    +++++.....             (no ring)
HPRegen  0.10/turn              (no ring)
MPRegen  0.09/turn              (no ring)
                                (no ring)
                                (no ring)

@: lethally poisoned (0 -> -2), very slow
A: almost no armour, stealthy swim, amphibious, 8 rings, constrict 8, camouflage
1, clever 1, gelatinous body 1, evolution 1
a: Bend Time, Renounce Religion


You were on level 3 of the Dungeon.
You worshipped Cheibriados.
Cheibriados was aware of your devotion.
You were not hungry.

You visited 1 branch of the dungeon, and saw 3 of its levels.

You collected 19 gold pieces.

Inventory:

Hand Weapons
 a - a +2 dagger (weapon)
 b - a +0 blowgun
Missiles
 c - 8 poisoned needles
 d - 2 curare-tipped needles
Jewellery
 i - a ring of stealth (left tentacle)
 j - a ring of protection from magic (on tentacle)
 k - a +4 ring of strength (right tentacle)
Scrolls
 e - 3 scrolls of identify
 n - a scroll of enchant armour
Comestibles
 f - 2 bread rations
 g - 2 meat rations
 h - 3 royal jellies


   Skills:
 + Level 3.3 Fighting
 - Level 2.0 Short Blades
 + Level 2.6 Throwing
 - Level 1.0 Dodging
 - Level 6.1 Stealth
 + Level 1.2 Invocations


You had 3 spell levels left.
You didn't know any spells.

Dungeon Overview and Level Annotations

Branches:
Dungeon (3/15)

Altars:
Ashenzari
Cheibriados
Uskayaw


Innate Abilities, Weirdness & Mutations

You cannot wear most types of armour.
You are very stealthy in the water. (Stealth+)
You are amphibious.
You can wear up to eight rings at the same time.
You can use your tentacles to constrict eight enemies at once.
Your skin changes colour to match your surroundings (Stealth+).
Your rubbery body absorbs attacks. (AC +1, EV +1)
Your mind is acute. (Int +2)
You evolve.


Message History

The adder is moderately wounded.
The adder closely misses you. The orc hits you. The adder bites you.
* * * LOW HITPOINT WARNING * * *
You are poisoned.
The adder poisons you! The frilled lizard bites you.
* * * LOW HITPOINT WARNING * * *
You aren't carrying any potions.
You hit the adder. Your grab misses the adder.
The adder is almost dead.
You feel sick. The adder bites you.
* * * LOW HITPOINT WARNING * * *
You hit the adder.
You kill the adder!
Cheibriados thoroughly appreciates the change of pace.
Cheibriados slows and strengthens your metabolism.
Cheibriados raises the support of your attributes as your movement slows.
The orc barely misses you. The frilled lizard barely misses you.
* * * LOW HITPOINT WARNING * * *
You feel sick. The orc hits you.
You die...

$..........#
⌠..........#
...........### ##
#..8...8)....#...
#....oo.o.....#
#########oo....#
........lo.....#
###....o......#
##..@o.....##
##.......##
####.#### #.# #.#
S.. ..


You could see an orc priest, 5 orcs and a frilled lizard.

Vanquished Creatures
  An orc priest (D:3)
  2 adders
  An ooze (D:1)
  A leopard gecko (D:1)
  An orc (D:3)
  2 giant cockroaches
  3 goblins
  2 hobgoblins
  8 jackals
  6 kobolds
  2 bats (D:1)
  2 frilled lizards (D:1)
  4 rats
35 creatures vanquished.

Notes
Turn   | Place    | Note
-------+----------+-------------------------------------------
     0 | D:1      | Ijustatesigmund the Octopode Assassin began the quest for the Orb.
     0 | D:1      | Reached XP level 1. HP: 14/14 MP: 1/1
   144 | D:1      | Reached XP level 2. HP: 13/20 MP: 2/2
   529 | D:1      | Found a shattered altar of Ashenzari.
   626 | D:1      | Reached skill level 6 in Stealth
   628 | D:1      | Reached XP level 3. HP: 20/25 MP: 3/3
  1214 | D:2      | Gained mutation: One of your tentacles bears a spike. [potion of mutation]
  1214 | D:2      | Gained mutation: Your mind is acute. (Int +2) [potion of mutation]
  1214 | D:2      | Gained mutation: You evolve. [potion of mutation]
  1235 | D:2      | Lost mutation: One of your tentacles bears a spike. [evolution]
  1236 | D:2      | Noticed a dagger
  1236 | D:2      | Noticed a hand axe
  1237 | D:2      | Found a hide-covered altar of Uskayaw.
  1245 | D:2      | Found a snail-covered altar of Cheibriados.
  1261 | D:2      | Became a worshipper of Cheibriados the Contemplative
  1812 | D:3      | Reached skill level 1 in Invocations
  1812 | D:3      | Reached XP level 4. HP: 20/31 MP: 4/4
  1818 | D:3      | Reached * piety under Cheibriados
  1819 | D:3      | Slain by an orc

Vault maps used:
D:1:      lordsloth_arrival_two_stooges, nrook_uturn, st_stairs_4,
          evilmike_ruin_ashenzari
D:2:      dancing_weapons_uskayaw, cheibriados_altar_1
D:3:      cheibrodos_pilgrimage, first_bread

Skill      XL: |  1  2  3 |
---------------+----------+-----
Stealth        | 6 |  6.1
Fighting       | 3 |  3.3
Invocations    | 1 |  1.2
Short Blades   | |  2.0
Throwing       | |  2.6
Dodging        | |  1.0

Action                   |  1- 3 |  4- 6 || total
-------------------------+-------+-------++-------
Melee: Dagger            |    56 |     3 ||    59
       Constrict         |    15 |       ||    15
       Tentacles         |    10 |       ||    10
  Use: Scroll            |     5 |       ||     5
       Potion            |     2 |       ||     2
 Stab: Sleeping          |    13 |       ||    13
  Eat: Chunk             |     3 |       ||     3
Armor: Skin              |     3 |       ||     3
Dodge: Dodged            |    36 |     6 ||    42

Table legend:
 A = Spawn XP
 B = Non-spawn XP
 C = Spawn XP percentage of total XP
 D = Spawn monster count
 E = Non-spawn monster count
 F = Spawn count percentage of total count
 G = Total turns spent on level
                    A         B        C        D         E        F      G
               +---------+---------+-------+---------+---------+-------+---------
         Total |       0 |     128 |   0.0 |       0 |      35 |   0.0 |  1819
               +---------+---------+-------+---------+---------+-------+---------
           D:1 |       0 |      40 |   0.0 |       0 |      20 |   0.0 |  1183
           D:2 |       0 |      30 |   0.0 |       0 |      11 |   0.0 |   615
           D:3 |       0 |      58 |   0.0 |       0 |       4 |   0.0 |    21
               +---------+---------+-------+---------+---------+-------+---------
